 Dungeon Crawl Stone Soup version 0.19.1 (webtiles) character file.

3045 ChaseSP the Cleaver (level 10, -2/70 HPs)
             Began as a Formicid Fighter on Dec 1, 2016.
             Was a Believer of Qazlal.
             Slain by a two-headed ogre
             ... wielding a +0 giant club
              (20 damage)
             ... on level 8 of the Dungeon.
             The game lasted 00:14:00 (7523 turns).

ChaseSP the Cleaver (Formicid Fighter)              Turns: 7523, Time: 00:14:01

Health: -2/70      AC: 14    Str: 21    XL:     10   Next: 11%
Magic:  12/12      EV:  8    Int:  8    God:    Qazlal [**....]
Gold:   395        SH: 14    Dex: 13    Spells: 0 memorised, 9 levels left

rFire  . . .     SeeInvis +     a - +0 war axe
rCold  . . .     Gourm    .     H - +0 chain mail
rNeg   . . .     Faith    .     c - +0 shield
rPois  .         Spirit   .     (helmet unavailable)
rElec  .         Reflect  .     A - +1 cloak
rCorr  .         Harm     .     F - +2 pair of gloves
MR     +....                    (no boots)
Stlth  ..........               x - amulet of magic regeneration
                                (no ring)
                                r - +1 ring of evasion

@: no status effects
A: permanent stasis, dig shafts and tunnels, four strong arms, antennae 3
a: Dig, Shaft Self, Upheaval, Renounce Religion


You were on level 8 of the Dungeon.
You worshipped Qazlal.
Qazlal was pleased with you.
You were not hungry.

You visited 2 branches of the dungeon, and saw 9 of its levels.
You also visited: Sewer.

You collected 395 gold pieces.

Inventory:

Hand Weapons
 a - a +0 war axe (weapon)
 C - a cursed -1 morningstar
Armour
 b - a +0 scale mail
 c - a +0 shield (worn)
 A - a +1 cloak (worn)
 F - a +2 pair of gloves (worn)
 H - a +0 chain mail (worn)
Jewellery
 r - a +1 ring of evasion (left hand)
 x - an amulet of magic regeneration (around neck)
Wands
 v - a wand of iceblast (7/15)
Scrolls
 d - 4 scrolls of teleportation {unknown}
 e - a scroll of amnesia {unknown}
 i - 3 scrolls of enchant armour
 j - 4 scrolls of remove curse {unknown}
 k - 5 scrolls of magic mapping
 l - a scroll of random uselessness {unknown}
 q - 4 scrolls of fog {unknown}
 t - 3 scrolls of immolation {unknown}
 y - 4 scrolls of recharging {unknown}
 B - a scroll of identify
 I - a scroll of blinking {unknown}
Potions
 g - 2 potions of cure mutation {unknown}
 m - 2 potions of ambrosia {unknown}
 n - 2 potions of curing
 p - a potion of heal wounds
 u - a potion of magic
 w - a potion of flight
 z - 2 potions of brilliance
 D - 2 potions of invisibility
 E - 3 potions of agility {unknown}
Books
 s - a book of Cantrips

   Spells                             Type                      Level
   a - Confusing Touch                Hexes                        1
   b - Animate Skeleton               Necromancy                   1
   c - Summon Small Mammal            Summoning                    1
   d - Apportation                    Translocation                1
Comestibles
 f - 6 bread rations
 h - 3 meat rations
 o - a beef jerky
 G - 3 chunks of flesh


   Skills:
 - Level 3.2 Fighting
 * Level 11.7 Axes
 - Level 3.2 Armour
 + Level 7.8 Shields
 + Level 3.1 Invocations


You had 9 spell levels left.
You didn't know any spells.

Dungeon Overview and Level Annotations

Branches:
Dungeon (8/15)             Temple (1/1) D:5
   Lair: D:8-11

Altars:
Ashenzari
Cheibriados
Dithmenos
Elyvilon
Fedhas
Gozag
Hepliaklqana
Kikubaaqudgha
Makhleb
Nemelex Xobeh
Okawaru
Qazlal
Ru
Sif Muna
Trog
Uskayaw
Vehumet
Xom
Yredelemnul
Zin
The Shining One


Innate Abilities, Weirdness & Mutations

You are under a permanent stasis effect.
You can dig through walls and to a lower floor.
Your four strong arms can wield two-handed weapons with a shield.
You have a pair of large antennae on your head. (SInv)


Message History

You see here 11 gold pieces.
A two-headed ogre is nearby!
An adder comes into view.
The adder hisses angrily.
You slash the two-headed ogre!
The two-headed ogre is heavily wounded.
The two-headed ogre hits you with a giant club!
The two-headed ogre hits you with a giant spiked club!!
* * * LOW HITPOINT WARNING * * *
You are too injured to fight recklessly!
You are too injured to fight recklessly!
Unknown command.
You are too injured to fight recklessly!
You are too injured to fight recklessly!
Unknown command.
You are too injured to fight recklessly!
You hit the two-headed ogre.
The two-headed ogre is heavily wounded.
The two-headed ogre hits you with a giant club!!
You die...

#.$..##+####..#######
##...# #..#
#######....## ....+
#.....#.....# ....# {
#......†....#
............#
............+
..........§$#
#..##.####@## ### #.
#O# .. ... ... .....
.. ....... ####S..##
#...# .....


You could see a two-headed ogre and an adder.

Vanquished Creatures
  Pikel (D:7)
  Grinder (D:3)
  Menkaure (D:4)
  Duvessa (D:5)
  3 ice beasts
  A slave (D:7)
  A black bear (D:8)
  2 orc warriors (D:7)
  2 ogres
  A centaur (D:6)
  The ghost of bluewall the Charlatan, an amateur SpAr of Makhleb (D:3)
  2 bullfrogs
  Dowan (D:5)
  A scorpion (D:4)
  2 howler monkeys
  5 crimson imps
  Crazy Yiuf (D:4)
  A bullfrog zombie (D:6)
  An orc priest (D:4)
  2 hounds
  A centaur skeleton (D:8)
  A jelly (D:6)
  Ijyb (D:3)
  4 worker ants
  Natasha (D:2)
  2 iguanas
  5 orc wizards
  A worker ant zombie (D:7)
  Robin (D:4)
  6 gnolls (D:3)
  6 adders
  A river rat (D:5)
  4 oozes (Sewer)
  4 worms
  2 dart slugs (D:1)
  5 leopard geckos
  16 orcs
  17 bats
  7 giant cockroaches
  19 goblins
  12 hobgoblins
  8 jackals
  5 quokkas
  4 ball pythons
  8 frilled lizards
  6 kobolds
  A leopard gecko skeleton (D:4)
  A leopard gecko zombie (D:6)
  A quokka skeleton (D:7)
  3 rats
184 creatures vanquished.

Notes
Turn   | Place    | Note
-------+----------+-------------------------------------------
     0 | D:1      | ChaseSP the Formicid Fighter began the quest for the Orb.
     0 | D:1      | Reached XP level 1. HP: 18/18 MP: 1/1
   179 | D:1      | Reached XP level 2. HP: 24/24 MP: 2/2
   209 | D:1      | Reached skill level 3 in Axes
   409 | D:1      | Reached XP level 3. HP: 26/29 MP: 3/3
   980 | D:2      | Noticed Natasha
   996 | D:2      | Killed Natasha
   996 | D:2      | Reached skill level 4 in Axes
   996 | D:2      | Reached XP level 4. HP: 17/35 MP: 4/4
  1862 | D:3      | Reached XP level 5. HP: 23/41 MP: 5/5
  1868 | D:3      | Reached skill level 5 in Axes
  2114 | D:3      | Noticed bluewall's ghost (amateur SpAr)
  2121 | D:3      | Killed bluewall's ghost
  2136 | D:3      | Reached XP level 6. HP: 42/47 MP: 6/6
  2198 | D:3      | Found a radiant altar of Vehumet.
  2205 | D:3      | Noticed Grinder
  2223 | D:3      | Killed Grinder
  2223 | D:3      | Reached skill level 7 in Axes
  2223 | D:3      | Reached XP level 7. HP: 13/52 MP: 7/7
  2470 | D:3      | Noticed Ijyb
  2480 | D:3      | Killed Ijyb
  3066 | D:4      | Noticed Menkaure
  3072 | D:4      | Killed Menkaure
  3072 | D:4      | Reached skill level 8 in Axes
  3264 | D:4      | Reached XP level 8. HP: 18/58 MP: 8/8
  3274 | D:4      | Noticed Robin
  3290 | D:4      | Killed Robin
  3670 | D:4      | Found a runed door.
  3995 | D:4      | Noticed Crazy Yiuf
  3998 | D:4      | Killed Crazy Yiuf
  4039 | D:5      | Entered Level 5 of the Dungeon
  4114 | D:5      | Noticed Duvessa
  4114 | D:5      | Noticed Dowan
  4145 | D:5      | Killed Dowan
  4145 | D:5      | Reached skill level 9 in Axes
  4168 | D:5      | Killed Duvessa
  4414 | D:5      | Found a staircase to the Ecumenical Temple.
  4430 | Temple   | Entered the Ecumenical Temple
  4474 | Temple   | Became a worshipper of Qazlal Stormbringer
  4568 | D:5      | Found a glowing drain.
  4590 | Sewer    | Entered a sewer
  4686 | Sewer    | Reached skill level 5 in Shields
  4957 | Sewer    | Reached * piety under Qazlal
  5664 | D:6      | Reached skill level 10 in Axes
  5664 | D:6      | Reached XP level 9. HP: 21/64 MP: 9/9
  6874 | D:7      | Reached skill level 11 in Axes
  6877 | D:7      | Reached ** piety under Qazlal
  6903 | D:7      | Noticed Pikel
  6913 | D:7      | Killed Pikel
  7255 | D:7      | Reached XP level 10. HP: 70/70 MP: 11/11
  7523 | D:8      | Slain by a two-headed ogre

Skill      XL: |  1  2  3  4  5  6  7  8  9 10 |
---------------+-------------------------------+-----
Axes           | 3 4 5 7 8 10 11 | 11.7
Shields        | 5 7 |  7.8
Invocations    | 2 3 |  3.1
Fighting       | |  3.2
Armour         | |  3.2

Action                   |  1- 3 |  4- 6 |  7- 9 | 10-12 || total
-------------------------+-------+-------+-------+-------++-------
Melee: War axe           |    87 |    93 |   433 |    43 ||   656
 Abil: Dig               |       |       |     6 |       ||     6
  Use: Potion            |       |     1 |     6 |       ||     7
       Scroll            |       |       |     6 |       ||     6
 Stab: Invisible         |       |       |     3 |       ||     3
       Distracted        |       |       |     1 |       ||     1
  Eat: Chunk             |       |     4 |    18 |     1 ||    23
Armor: Scale mail        |    54 |    35 |    88 |       ||   177
       Chain mail        |       |       |    37 |    14 ||    51
Dodge: Dodged            |    33 |    15 |   152 |    11 ||   211
Block: Shield            |    46 |    38 |   237 |    32 ||   353
